 Dungeon Crawl Stone Soup version 0.25.1-2-g60ff931df9 (webtiles) character file.

Game seed: 16363881892632984463

504157 Chimkentus the Warrior (level 24, -24/195 HPs)
             Began as an Octopode Assassin on Aug 25, 2020.
             Was a High Priest of Wu Jian.
             Annihilated by an ancient champion
             ... wielding a +3 great sword of draining
              (34 damage)
             ... on level 2 of the Crypt on Aug 26, 2020.
             The game lasted 14:56:14 (69503 turns).

Chimkentus the Warrior (Octopode Assassin)         Turns: 69503, Time: 14:56:15

Health: -24/195    AC:  3    Str: 18    XL:     24   Next: 97%
Magic:  47/47      EV: 37    Int: 26    God:    Wu Jian [*****.]
Gold:   4526       SH: 13    Dex: 26    Spells: 16/46 levels left

rFire    + . .     SeeInvis +   E - +9 dagger of an ossuary {drain, rN+}
rCold    . . .     Gourm    .   k - +3 buckler {reflect}
rNeg     + + .     Faith    .   K - +2 hat
rPois    +         Spirit   .   U - amulet of Vitality {Regen+ HP+15}
rElec    .         Reflect  +   L - +6 ring of strength
rCorr    +         Harm     .   G - ring of protection from fire
MR       ++...                  N - ring of protection from cold
Stlth    +++++++++.             S - ring "Hikuerom" {rPois MP+9 Int+6}
HPRegen  0.82/turn              Y - ring of Phasing {EV+8}
MPRegen  0.30/turn              J - ring of see invisible
                                H - ring of Ybiywkiaxa {rC- rN+ rCorr Dex+4 Slay+3}
                                h - +6 ring of intelligence

@: singing (expiring), very slightly contaminated
A: almost no armour, stealthy swim, amphibious, 8 rings, constrict 8, fangs 1,
camouflage 1, deterioration 1, magic resistance 1, gelatinous body 1
}: 3/15 runes: barnacled, silver, gossamer
a: Wall Jump, Serpent's Lash, Heavenly Storm, Renounce Religion


You were on level 2 of the Crypt.
You worshipped Wu Jian.
Wu Jian was extremely pleased with you.
You were not hungry.

You visited 9 branches of the dungeon, and saw 42 of its levels.
You also visited: Sewer, Bailey and Ice Cave.

You collected 10675 gold pieces.
You spent 6149 gold pieces at shops.

Inventory:

Hand Weapons
 o - the +6 Majin-Bo {vamp, Archmagi MP+6 Int+6}
   (You found it on level 1 of the Crypt)

   It inflicts no extra harm, but heals its wielder when it wounds a living foe.
   It affects your intelligence (+6).
   It affects your magic capacity (+6).
 E - the +9 dagger of an ossuary (weapon) {drain, rN+}
   (You found it on level 5 of the Dungeon)

   A truly terrible weapon, it drains the life of those it strikes.
   It protects you from negative energy.
 X - a +2 fustibalus of flaming
 Z - the +7 captain's cutlass {speed, disarm}
   (You took it off a centaur on level 15 of the Dungeon)

   Attacks with this weapon are significantly faster.
Missiles
 b - 102 poisoned darts
 c - 19 curare-tipped darts
 C - 11 atropa-tipped darts (quivered)
 F - 1396 arrows
 I - 13 throwing nets
 Q - 145 sling bullets
Armour
 k - a +3 buckler of reflection (worn)
 K - a +2 hat (worn)
Magical Staves
 T - an uncursed staff of energy
Jewellery
 h - a +6 ring of intelligence (on tentacle)
 l - an uncursed ring of protection from cold
 G - a ring of protection from fire (right tentacle)
 H - the ring of Ybiywkiaxa (on tentacle) {rC- rN+ rCorr Dex+4 Slay+3}
   (You took it off a deep elf sorcerer on level 3 of the Elven Halls)

   [ring of resist corrosion]

   It affects your dexterity (+4).
   It affects your accuracy and damage with ranged weapons and melee attacks
   (+3).
   It makes you vulnerable to cold.
   It protects you from negative energy.
   It provides partial protection from all sources of acid and corrosion.
 J - a ring of see invisible (on tentacle)
 L - a +6 ring of strength (left tentacle)
 N - a ring of protection from cold (on tentacle)
 S - the ring "Hikuerom" (on tentacle) {rPois MP+9 Int+6}
   (You bought it in a shop on level 1 of the Elven Halls)

   [ring of intelligence]

   It affects your intelligence (+6).
   It protects you from poison.
   It affects your magic capacity (+9).
 U - the amulet of Vitality (around mantle) {Regen+ HP+15}
   (You found it on level 9 of the Dungeon)

   [amulet of regeneration]

   It affects your health (+15).
   It increases your rate of regeneration.
 W - a +4 ring of evasion
 Y - the ring of Phasing (on tentacle) {EV+8}
   (You bought it in a shop on level 3 of the Elven Halls)

   [ring of evasion]

   It affects your evasion (+8).
Wands
 e - a wand of digging (12)
 t - a wand of iceblast (6)
 v - a wand of paralysis (6)
 z - a wand of enslavement (5)
 A - a wand of disintegration (12)
 P - a wand of clouds (10)
Scrolls
 i - 11 scrolls of identify
 j - a scroll of magic mapping
 m - 2 scrolls of immolation
 p - 22 scrolls of teleportation
 r - a scroll of silence
 u - 8 scrolls of fog
 x - 8 scrolls of fear
 y - 2 scrolls of blinking
Potions
 a - 2 potions of stabbing
 g - 16 potions of curing
 n - 6 potions of heal wounds
 q - a potion of berserk rage
 s - a potion of might
 w - 6 potions of magic
 D - 2 potions of cancellation
 O - 5 potions of brilliance
 R - 6 potions of ambrosia
Miscellaneous
 f - a phial of floods (inert)
 M - 2 phantom mirrors
 V - a lightning rod (4/4)
Comestibles
 d - 60 rations


   Skills:
 * Level 18.8 Fighting
 + Level 13.6 Short Blades
 + Level 1.1 Staves
 + Level 12.2(13.1) Slings
 + Level 8.3(11.4) Throwing
 + Level 14.8 Dodging
 - Level 16.6 Stealth
 * Level 16.3 Shields
 - Level 11.5 Spellcasting
 * Level 15.1 Hexes
 + Level 4.4 Charms
 + Level 0.3 Summonings
 + Level 4.8 Translocations
 + Level 10.4 Transmutations
 + Level 9.3 Earth Magic
 + Level 8.8 Evocations


You had 16 spell levels left.
You knew the following spells:

 Your Spells              Type           Power        Failure   Level  Hunger
a - Slow                  Hex            #######.     0%          2    None
b - Tukima's Dance        Hex            #######.     1%          3    None
c - Summon Butterflies    Summ           ###.....     3%          1    None
d - Apportation           Tloc           #####.       1%          1    None
e - Passwall              Tmut/Erth      ######..     1%          2    None
f - Corona                Hex            #######      0%          1    None
g - Dazzling Flash        Conj/Hex       ######       1%          3    None
h - Beastly Appendage     Tmut           ######       1%          1    None
i - Sticks to Snakes      Tmut           ######..     1%          2    None
j - Petrify               Tmut/Erth      ######..     1%          4    None
k - Shroud of Golubria    Chrm/Tloc      #####.       1%          2    None
l - Statue Form           Tmut/Erth      ######...    11%         6    #####..
m - Song of Slaying       Chrm           #####...     1%          2    None

Your spell library contained the following spells:

 Spells                   Type           Power        Failure   Level  Hunger
 Infusion                 Chrm           ####         1%          1    None
 Sandblast                Erth           ######       1%          1    None
 Sting                    Tmut/Pois      ####         1%          1    None
 Blink                    Tloc           N/A          1%          2    None
 Ensorcelled Hibernation  Hex/Ice        ######       1%          2    None
 Confusing Touch          Hex            #######.     1%          3    None
 Gell's Gravitas          Tloc           #####.....   1%          3    None
 Inner Flame              Hex/Fire       ######..     1%          3    None
 Lesser Beckoning         Tloc           #####.....   1%          3    None
 Portal Projectile        Hex/Tloc       ######       1%          3    None
 Spectral Weapon          Hex/Chrm       ######..     1%          3    None
 Spider Form              Tmut/Pois      #####.....   1%          3    None
 Stone Arrow              Conj/Erth      #####.       1%          3    None
 Summon Guardian Golem    Hex/Summ       ######..     1%          3    None
 Cause Fear               Hex            #######...   1%          4    None
 Leda's Liquefaction      Hex/Erth       ######....   1%          4    None
 Blade Hands              Tmut           ######....   1%          5    ###....
 Yara's Violent Unravell  Hex/Tmut       ######....   1%          5    ###....
 Darkness                 Hex            #######...   1%          6    #####..
 Invisibility             Hex            #######.     1%          6    #####..
 Swiftness                Chrm/Air       ####....     2%          2    None
 Ignite Poison            Fire/Tmut/Pois ####....     2%          3    None
 Lee's Rapid Deconstruct  Erth           ######....   2%          5    ###....
 Summon Small Mammal      Summ           ###.         3%          1    None
 Animate Skeleton         Necr           N/A          4%          1    None
 Foxfire                  Conj/Fire      ###.         4%          1    None
 Freeze                   Ice            ###.         4%          1    None
 Magic Dart               Conj           ###.         4%          1    None
 Pain                     Necr           ###.         4%          1    None
 Shock                    Conj/Air       ###.         4%          1    None
 Ozocubu's Armour         Chrm/Ice       ####....     4%          3    None
 Ice Form                 Ice/Tmut       #####...     4%          4    None
 Metabolic Englaciation   Hex/Ice        ######....   4%          5    ###....
 Silence                  Hex/Air        ######....   4%          5    ###....
 Call Imp                 Summ           ###.....     5%          2    None
 Passage of Golubria      Tloc           N/A          5%          4    None
 Poisonous Vapours        Pois/Air       ###...       6%          2    None
 Hydra Form               Tmut           ######....   9%          6    #####..
 Call Canine Familiar     Summ           ###.....     11%         3    None
 Conjure Flame            Conj/Fire      ###.....     12%         3    None
 Frozen Ramparts          Ice            ###...       12%         3    None
 Mephitic Cloud           Conj/Pois/Air  ###.....     12%         3    None
 Static Discharge         Conj/Air       ###.....     12%         3    None
 Vampiric Draining        Necr           ###.......   12%         3    None
 Alistair's Intoxication  Tmut/Pois      #####...     13%         5    ###....
 Irradiate                Conj/Tmut      #####.....   13%         5    ###....
 Bolt of Magma            Conj/Fire/Erth ####......   30%         5    ###....
 Airstrike                Air            ###.......   36%         4    None
 Animate Dead             Necr           N/A          36%         4    None
 Hailstorm                Conj/Ice       ###.....     36%         4    None
 Olgreb's Toxic Radiance  Pois           ###.....     36%         4    None
 Sticky Flame             Conj/Fire      ###.....     36%         4    None
 Summon Ice Beast         Ice/Summ       ###.....     36%         4    None
 Summon Lightning Spire   Summ/Air       ###.....     36%         4    None
 Iskenderun's Battlesphe  Conj/Chrm      ####....     41%         5    ###....
 Dragon Form              Tmut           ######....   41%         7    ######.
 Discord                  Hex            #######...   45%         8    #######
 Iron Shot                Conj/Erth      #####.....   65%         6    #####..
 Agony                    Necr           ###.....     73%         5    ###....
 Fireball                 Conj/Fire      ###.......   73%         5    ###....
 Lightning Bolt           Conj/Air       ###.......   73%         5    ###....
 Freezing Cloud           Conj/Ice/Air   ###.......   99%         6    #####..
 Ozocubu's Refrigeration  Ice            ###.......   99%         6    #####..
 Shadow Creatures         Summ           N/A          99%         6    #####..
 Simulacrum               Ice/Necr       ###.......   99%         6    #####..
 Starburst                Conj/Fire      ###.......   99%         6    #####..
 Haunt                    Necr/Summ      ###.......   100%        7    ######.
 Malign Gateway           Summ/Tloc      ####......   100%        7    ######.
 Monstrous Menagerie      Summ           ###.......   100%        7    ######.
 Orb of Destruction       Conj           ###.......   100%        7    ######.
 Ring of Flames           Chrm/Fire      ####......   100%        7    ######.
 Spellforged Servitor     Conj/Summ      ###.......   100%        7    ######.
 Summon Greater Demon     Summ           ###.......   100%        7    ######.
 Borgnjor's Revivificati  Necr           ###.......   100%        8    #######
 Death's Door             Chrm/Necr      ####......   100%        8    #######
 Ignition                 Fire           ###.......   100%        8    #######
 Infestation              Necr           ###.......   100%        8    #######
 Necromutation            Tmut/Necr      #####.....   100%        8    #######
 Summon Horrible Things   Summ           ###.......   100%        8    #######
 Shatter                  Erth           ######....   100%        9    #######


Dungeon Overview and Level Annotations

Branches:
Dungeon (15/15)            Temple (1/1) D:5            Lair (6/6) D:9
 Shoals (4/4) Lair:3       Spider (4/4) Lair:4        Slime (0/5) Lair:5
    Orc (2/2) D:12            Elf (3/3) Orc:2        Vaults (5/5) D:13
  Crypt (2/3) Vaults:3     Depths (0/5) D:15          Sewer (visited)
 Bailey (visited)           IceCv (visited)

Altars:
Ashenzari
Cheibriados
Dithmenos
Elyvilon
Fedhas
Gozag
Hepliaklqana
Kikubaaqudgha
Makhleb
Nemelex Xobeh
Okawaru
Qazlal
Ru
Sif Muna
Trog
Uskayaw
Vehumet
Wu Jian
Xom
Yredelemnul
Zin
The Shining One
Beogh

Shops:
D:6 ?   D:12 *   Orc:1 %   Orc:2 !%:   Elf:1 (=(   Elf:2 (   Elf:3 !=*=
Shoals:1 (   Shoals:2 :   Vaults:1 (   Vaults:5 %?}}??

Annotations:
Elf:2 3 runed translucent doors
Vaults:1 3 runed translucent doors, Moagi's ghost, adept GnSk


Innate Abilities, Weirdness & Mutations

You cannot wear most types of armour.
You are very stealthy in the water. (Stealth+)
You are amphibious.
You can wear up to eight rings at the same time.
You can use your tentacles to constrict eight enemies at once.
Your skin changes colour to match your surroundings (Stealth+).
Your rubbery body absorbs attacks. (AC +1, EV +1)
You have very sharp teeth.
Your body sometimes deteriorates upon taking damage.
You are resistant to hostile enchantments. (MR+)


Message History

Press: ? - help, Shift-Dir - straight line, f - ancient champion
Aim: an ancient champion, wielding a +3 great sword of draining and wearing a +0 plate armour (fast)
The torrent of water hits the ancient champion!!
The ancient champion is moderately damaged.
The wave splashes down.
The soul eater is engulfed in water.
Your song is almost over.
The ancient champion casts a spell at you.
The iron shot hits you!!!
* * * LOW HITPOINT WARNING * * *
The ancient champion points at you and mumbles some strange words.
Your +3 buckler of reflection reflects the iron shot!
The iron shot hits the ancient champion!!
The ancient champion splashes around in the water.
You enter the shallow water.
Moving in this stuff is going to be slow.
You revert to your normal fleshy form.
The soul eater draws from the surrounding life force!
* * * LOW HITPOINT WARNING * * *
The ancient champion hits you with a +3 great sword of draining!!
You die...

##################
#°...§☼§○☼§z§☼....
#z°°○☼§○§☼§☼○§....
#zZz○○○§☼☼§○☼§....
#3#+########Zz....
#z# +§○.... #@#
#...... #.#
#...... #.#
#...... #..
....... #.. ......
#... #... #....


You could see an ancient champion (fast), 2 skeletal warriors, a soul eater
(waterlogged) and a black mamba zombie.

Vanquished Creatures
  3 ancient liches (Vaults:5)
  Mara (Shoals:3)
  Bai Suzhen (Spider:3)
  A golden dragon (Vaults:5)
  Arachne (Spider:2)
  2 liches
  6 tentacled monstrosities
  Rupert (D:13)
  6 titans (Vaults:5)
  2 quicksilver dragons (Vaults:5)
  Asterion (Spider:3)
  2 deep elf master archers (Elf:3)
  2 deep elf blademasters (Elf:3)
  2 krakens
  Gastronok (Orc:1)
  Polyphemus (Shoals:3)
  A sphinx (shapeshifter) (D:14)
  Frances (Spider:1)
  4 sphinxes
  A storm dragon (Vaults:4)
  Kirke (Spider:1)
  Agnes (Spider:3)
  Donald (Spider:3)
  2 shadow dragons (Vaults:5)
  4 tengu reavers
  A revenant (Crypt:1)
  3 ghost moths
  13 deep elf sorcerers
  4 fire giants
  An iron dragon (Vaults:5)
  An orc warlord (Orc:2)
  14 vault wardens
  3 frost giants
  4 emperor scorpions
  Louise (Spider:1)
  3 deep elf elementalists (Elf:3)
  17 ironheart preservers
  10 stone giants
  A large abomination (Vaults:5)
  4 war gargoyles
  3 entropy weavers
  6 very ugly things
  Nessos (D:12)
  2 vampire knights (Crypt:1)
  5 deep elf demonologists
  Azrael (D:12)
  9 deep elf annihilators
  2 eidola
  Snorg (Lair:5)
  10 ettins
  A crystal guardian (Vaults:4)
  A merfolk javelineer (Shoals:3)
  5 jiangshi (Crypt:1)
  4 deep elf high priests (Vaults:5)
  11 merfolk impalers
  3 fire dragons
  14 deep elf death magi
  3 rakshasas
  14 yaktaur captains
  Erolcha (Orc:2)
  8 hydras
  2 ice dragons (Vaults:3)
  Fannar (Orc:1)
  37 vault guards
  Harold (D:7)
  A death knight (Vaults:5)
  The ghost of kikerikii the Slinger, a journeyman HaAK of Lugonu (Orc:1)
  3 catoblepae
  2 satyrs (Shoals:2)
  A two-headed ogre (shapeshifter) (Vaults:4)
  An alligator snapping turtle (Shoals:4)
  14 centaur warriors
  4 merfolk aquamancers
  6 merfolk avatars
  An alligator (Lair:6)
  8 death yaks
  13 ogre magi
  35 two-headed ogres
  6 orc high priests
  A tengu warrior (D:15)
  2 vampire magi (Crypt:1)
  5 deep troll earth magi
  A titan zombie (Crypt:1)
  Urug (D:13)
  17 deep elf knights
  A fire crab (Lair:6)
  Nergalle (Lair:2)
  Sonja (Lair:5)
  5 skeletal warriors
  A small abomination (Elf:3)
  2 unseen horrors
  11 hell knights
  A glowing orange brain (Vaults:2)
  5 flayed ghosts
  10 deep trolls
  11 sea snakes
  2 wizards (Vaults:2)
  A wolf spider zombie (D:15)
  13 harpies
  4 phantasmal warriors
  15 ironbrand convokers
  13 deep elf archers
  12 orb spiders
  72 deep elf magi
  A harpy (shapeshifter) (Vaults:4)
  11 necromancers
  21 orc knights
  An oklob plant (Lair:6)
  11 cyclopes
  10 fauns
  33 wolf spiders
  7 orc sorcerers
  28 ugly things
  2 moths of wrath
  4 black mambas
  12 manticores
  4 centaur zombies
  16 vault sentinels
  A human skeleton (Vaults:4)
  A black mamba (shapeshifter) (Vaults:3)
  6 elephants
  7 water nymphs
  A frost giant skeleton (Crypt:1)
  An iron dragon skeleton (Crypt:1)
  6 merfolk sirens
  4 gargoyles
  3 ice statues (IceCv)
  A torpor snail (Spider:4)
  17 dancing weapons
  A kobold demonologist (D:15)
  10 spiny frogs
  A rime drake (shapeshifter) (Vaults:2)
  6 freezing wraiths
  11 demonic crawlers
  40 yaktaurs
  9 ice devils (IceCv)
  3 komodo dragons
  2 human zombies
  A komodo dragon (shapeshifter) (Vaults:3)
  A yaktaur (shapeshifter) (D:14)
  A tyrant leech (shapeshifter) (Vaults:5)
  11 polar bears
  A tengu simulacrum (Vaults:4)
  3 trolls (shapeshifter)
  3 meliai (Spider:3)
  A queen bee (Spider:3)
  A jumping spider (shapeshifter) (Vaults:1)
  34 merfolk
  8 trolls
  A wolf spider simulacrum (D:15)
  35 jumping spiders
  A hornet (shapeshifter) (Vaults:5)
  4 wind drakes
  A hydra skeleton (Crypt:1)
  A harpy skeleton (D:12)
  Grinder (D:5)
  12 hornets
  2 human simulacra
  A meliai zombie (D:10)
  19 slime creatures
  5 snapping turtles
  17 blink frogs
  A snapping turtle (shapeshifter) (Vaults:5)
  2 dream sheep (Shoals:1)
  An ice dragon zombie (Crypt:1)
  6 hippogriffs
  A stone giant simulacrum (Vaults:3)
  6 flying skulls (Crypt:1)
  36 tarantellas
  A shadow (D:15)
  3 air elementals
  An ettin skeleton (Crypt:1)
  87 redbacks
  5 hogs
  3 basilisks
  6 wraiths
  68 yaks
  4 wyverns
  15 water elementals
  7 fire elementals
  A golden eye (shapeshifter) (Vaults:5)
  2 hungry ghosts
  3 vampire mosquitoes (D:15)
  5 neqoxecs (Orc:1)
  16 humans
  14 wargs
  A soldier ant (shapeshifter) (Elf:2)
  2 acid dragons (D:15)
  A soldier ant (D:15)
  A swamp worm (shapeshifter) (Vaults:5)
  14 water moccasins
  A floating eye (shapeshifter) (Vaults:5)
  18 hell hounds
  A porcupine (shapeshifter) (Vaults:5)
  3 porcupines
  2 phantoms
  6 ice beasts
  13 black bears
  61 orc warriors
  2 eyes of draining
  36 ogres
  5 sky beasts
  2 necrophages (D:12)
  13 wolves (Lair:6)
  A swamp dragon skeleton (Crypt:1)
  A snapping turtle skeleton (Crypt:1)
  16 centaurs
  12 crocodiles
  A draconian zombie (Crypt:1)
  5 big kobolds
  18 bullfrogs
  An elf zombie (Crypt:1)
  An earth elemental (Elf:1)
  9 gnoll sergeants
  9 scorpions
  A scorpion (shapeshifter) (Vaults:5)
  2 elf simulacra
  23 killer bees
  12 wights
  A howler monkey (D:12)
  8 crimson imps
  5 jellies
  4 quasits
  5 bullfrog zombies
  12 hounds
  29 orc priests
  26 orc wizards
  4 centaur skeletons
  A draconian simulacrum (IceCv)
  2 bullfrog skeletons
  5 gnoll shamans (Bailey)
  5 iguanas
  2 hell rats (Lair:5)
  5 troll simulacra (IceCv)
  8 worker ants
  A killer bee zombie (D:7)
  A big kobold skeleton (Crypt:1)
  2 hound skeletons
  2 worker ant zombies
  13 gnolls (Bailey)
  A naga simulacrum (IceCv)
  3 ogre simulacra (IceCv)
  22 adders
  12 river rats
  4 shadow imps
  7 oozes
  An adder zombie (D:6)
  An adder skeleton (D:10)
  4 worms
  2 dart slugs
  8 leopard geckos
  122 orcs
  A ball python (shapeshifter) (Vaults:5)
  3 giant cockroaches
  6 goblins
  8 hobgoblins
  7 jackals
  5 quokkas
  3 ball pythons
  4 bats
  4 frilled lizards
  A gnoll skeleton (Crypt:1)
  2 jackal skeletons
  22 kobolds
  2 leopard gecko skeletons (D:5)
  2 quokka skeletons
  2 quokka zombies (D:5)
  10 rats
  A river rat skeleton (Crypt:2)
  2 butterflies (Lair:6)
  3 crawling corpses
  5 plants
2045 creatures vanquished.

Vanquished Creatures (collateral kills)
  A tengu reaver (Vaults:5)
  A vault warden (Vaults:3)
  An ironheart preserver (Vaults:5)
  An ettin (Vaults:4)
  2 merfolk impalers
  A deep elf high priest (Vaults:5)
  A great orb of eyes (D:15)
  An ice dragon (Vaults:3)
  A vault guard (Vaults:3)
  6 two-headed ogres
  A dancing weapon (Elf:3)
  A hell knight (Vaults:5)
  An ironbrand convoker (Vaults:2)
  An orb spider (Spider:3)
  An orc knight (Vaults:2)
  3 ugly things (Vaults:2)
  A deep elf mage (Elf:3)
  A yaktaur (Vaults:2)
  4 merfolk
  A troll (Vaults:5)
  A jumping spider (Spider:3)
  A water elemental (Shoals:3)
  A hungry ghost (D:15)
  A warg (Vaults:2)
  5 orc warriors
  2 ogres (Orc:2)
  3 orc priests (Orc:2)
  An orc wizard (Orc:2)
  A gnoll (Bailey)
  16 orcs
63 creatures vanquished.

Vanquished Creatures (others)
  An ironheart preserver (Vaults:1)
  A deep elf high priest (Elf:3)
  An anaconda zombie (Crypt:1)
  A necromancer (Crypt:1)
  A centaur simulacrum (D:15)
  44 dancing weapons
  4 orc warriors
  An ogre (Orc:2)
  A gnoll shaman (Bailey)
  2 orcs
  A fungus (Lair:2)
  39 plants
  8 tentacles
105 creatures vanquished.

Grand Total: 2213 creatures vanquished

Notes
Turn   | Place    | Note
-------+----------+-------------------------------------------
     0 | D:1      | Chimkentus the Octopode Assassin began the quest for the
                  | Orb.
     0 | D:1      | Reached XP level 1. HP: 14/14 MP: 1/1
   241 | D:1      | Reached XP level 2. HP: 11/19 MP: 2/2
  1201 | D:2      | Reached XP level 3. HP: 25/25 MP: 3/3
  1642 | D:2      | Reached XP level 4. HP: 30/30 MP: 4/4
  2067 | D:3      | Found a stormy altar of Qazlal.
  2309 | D:4      | Reached skill level 3 in Fighting
  2356 | D:4      | Noticed an ogre
  2367 | D:4      | Noticed a phantom
  2420 | D:4      | Reached XP level 5. HP: 36/36 MP: 5/5
  2468 | D:4      | Found a glowing drain.
  2472 | Sewer    | Entered a sewer
  2677 | Sewer    | Reached skill level 1 in Slings
  2730 | Sewer    | Noticed a big kobold
  2731 | Sewer    | Noticed a big kobold
  2740 | Sewer    | Killed a big kobold
  2740 | Sewer    | Reached XP level 6. HP: 42/42 MP: 6/6
  3183 | D:4      | Found a basalt altar of Yredelemnul.
  3259 | D:4      | Found a white marble altar of Elyvilon.
  3505 | D:4      | Killed a phantom
  3505 | D:4      | Reached XP level 7. HP: 18/47 MP: 7/7
  3824 | D:4      | Reached skill level 4 in Fighting
  3906 | D:4      | Found an iron altar of Okawaru.
  4176 | D:5      | Entered Level 5 of the Dungeon
  4186 | D:5      | Noticed Grinder
  4422 | D:5      | Reached XP level 8. HP: 51/54 MP: 8/8
  4454 | D:5      | Found a bloodstained altar of Trog.
  4454 | D:5      | Found a snail-covered altar of Cheibriados.
  4454 | D:5      | Found an ancient bone altar of Kikubaaqudgha.
  4462 | D:5      | Found a shadowy altar of Dithmenos.
  4617 | D:5      | Reached skill level 5 in Slings
  4693 | D:5      | Found a radiant altar of Vehumet.
  4707 | D:5      | Reached skill level 5 in Fighting
  4883 | D:5      | Found a staircase to the Ecumenical Temple.
  4904 | Temple   | Entered the Ecumenical Temple
  5253 | Temple   | Became a worshipper of the Wu Jian Council
  5297 | D:5      | Got a polished dagger
  5515 | D:6      | Identified the +9 dagger of an ossuary {drain, rN+} (You
                  | found it on level 5 of the Dungeon)
  6118 | D:6      | Found Abrazai's Magic Scroll Shop.
  6132 | D:6      | Bought a scroll of fog for 24 gold pieces
  6132 | D:6      | Bought a scroll of teleportation for 36 gold pieces
  6132 | D:6      | Bought a scroll of magic mapping for 42 gold pieces
  6132 | D:6      | Bought a scroll of magic mapping for 42 gold pieces
  6132 | D:6      | Bought a scroll of identify for 24 gold pieces
  6224 | D:6      | Found a glowing silver altar of Zin.
  6239 | D:6      | Reached skill level 6 in Fighting
  6403 | D:7      | Noticed a hippogriff
  6406 | D:7      | Killed a hippogriff
  6406 | D:7      | Reached skill level 5 in Short Blades
  6406 | D:7      | Reached XP level 9. HP: 63/63 MP: 9/9
  6549 | D:7      | Learned a level 2 spell: Slow
  6640 | D:7      | Found a blossoming altar of Fedhas.
  6668 | D:7      | Reached skill level 5 in Dodging
  6787 | D:7      | Reached * piety under Wu Jian
  6841 | D:7      | Noticed Harold
  6982 | D:7      | Reached skill level 1 in Hexes
  7211 | D:7      | Reached skill level 7 in Fighting
  7553 | D:7      | Killed Harold
  7553 | D:7      | Reached XP level 10. HP: 71/71 MP: 10/10
  7577 | D:7      | Found a hide-covered altar of Uskayaw.
  7819 | D:8      | Found a blossoming altar of Fedhas.
  7848 | D:8      | Noticed a white ugly thing
  8517 | D:8      | Killed a white ugly thing
  8517 | D:8      | Reached skill level 8 in Fighting
  8740 | D:9      | Found the amulet of Vitality {Regen+ HP+15}
  8794 | D:8      | Reached skill level 1 in Evocations
  8999 | D:9      | Reached ** piety under Wu Jian
  9254 | D:9      | Reached XP level 11. HP: 53/78 MP: 12/12
 10012 | D:9      | Found a staircase to the Lair.
 10164 | D:9      | Reached skill level 9 in Fighting
 10234 | D:9      | Reached *** piety under Wu Jian
 10655 | D:9      | Found a shimmering altar of Xom.
 10688 | D:9      | Noticed a two-headed ogre
 10700 | D:9      | Killed a two-headed ogre
 10832 | D:10     | Entered Level 10 of the Dungeon
 10981 | D:10     | Reached skill level 5 in Hexes
 11382 | D:10     | Reached skill level 10 in Slings
 11589 | D:10     | Reached **** piety under Wu Jian
 12065 | D:11     | Noticed a cyclops
 12144 | D:10     | Reached XP level 12. HP: 87/87 MP: 13/13
 12458 | D:11     | Reached skill level 10 in Fighting
 12919 | D:11     | Reached ***** piety under Wu Jian
 12986 | D:11     | Noticed a six-headed hydra
 13311 | D:11     | Learned a level 3 spell: Tukima's Dance
 13313 | D:11     | Learned a level 1 spell: Summon Butterflies
 13315 | D:11     | Learned a level 1 spell: Apportation
 13731 | D:12     | Found a staircase to the Orcish Mines.
 13843 | D:12     | Noticed Azrael
 13861 | D:12     | Noticed Nessos
 13999 | D:12     | Reached skill level 10 in Stealth
 14039 | D:12     | Killed Nessos
 14039 | D:12     | Reached XP level 13. HP: 72/94 MP: 14/14
 14289 | D:12     | Found Pupsaheg's General Store.
 14303 | D:12     | Bought a wand of iceblast (9) for 221 gold pieces
 14391 | D:12     | Reached skill level 11 in Fighting
 14754 | D:12     | Reached skill level 5 in Throwing
 15276 | D:12     | Killed Azrael
 15344 | Orc:1    | Entered Level 1 of the Orcish Mines
 15473 | Orc:2    | Entered Level 2 of the Orcish Mines
 15592 | Orc:2    | Noticed Erolcha
 15806 | Lair:1   | Entered Level 1 of the Lair of Beasts
 15998 | Lair:1   | Learned a level 2 spell: Passwall
 16124 | Lair:1   | You fall into a shaft and drop 1 floor!
 16303 | Lair:2   | Reached skill level 1 in Earth Magic
 16307 | Lair:2   | Reached skill level 1 in Transmutations
 16832 | Lair:2   | Noticed Nergalle
 16844 | Lair:2   | Killed Nergalle
 18453 | Lair:2   | Reached skill level 1 in Spellcasting
 18888 | Lair:3   | Reached skill level 12 in Fighting
 18900 | Lair:3   | Identified the cursed +1 halberd "Ycvonlo" {vorpal, MR+}
                  | (You found it on level 3 of the Lair of Beasts)
 18936 | Lair:3   | Found a staircase to the Shoals.
 19130 | Lair:3   | Reached XP level 14. HP: 103/103 MP: 17/17
 19414 | Lair:4   | Found a hole to the Spider Nest.
 19998 | Lair:4   | Learned a level 1 spell: Corona
 20002 | Lair:4   | Learned a level 3 spell: Dazzling Flash
 20275 | Lair:5   | Noticed Sonja
 20279 | Lair:5   | Killed Sonja
 20530 | Lair:5   | Found a staircase to the Slime Pits.
 20738 | Lair:5   | Noticed Snorg
 20753 | Lair:5   | Killed Snorg
 21569 | Lair:6   | Entered Level 6 of the Lair of Beasts
 21579 | Lair:6   | Found a frozen archway.
 21593 | IceCv    | Entered an ice cave
 21801 | IceCv    | Reached skill level 5 in Evocations
 22859 | Lair:6   | Reached skill level 10 in Dodging
 23165 | Lair:6   | Reached skill level 13 in Fighting
 23630 | Lair:6   | Reached skill level 5 in Transmutations
 23639 | Lair:6   | Reached skill level 1 in Shields
 23728 | Lair:6   | Reached ****** piety under Wu Jian
 24050 | Lair:6   | Reached XP level 15. HP: 111/111 MP: 19/19
 24874 | D:5      | Killed Grinder
 25079 | D:13     | Found a gate to the Vaults.
 25079 | D:13     | Noticed Urug
 25079 | D:13     | Noticed Rupert
 25118 | D:13     | Found a flagged portal.
 25128 | Bailey   | Entered a bailey
 25456 | Bailey   | Identified the +2 mace "Xogogask" {vorpal, Str+3}
 25651 | D:13     | Learned a level 1 spell: Beastly Appendage
 25654 | D:13     | Learned a level 2 spell: Sticks to Snakes
 26230 | D:13     | Reached skill level 5 in Earth Magic
 26452 | D:13     | Killed Urug
 27607 | D:15     | Entered Level 15 of the Dungeon
 28022 | D:15     | Found a staircase to the Depths.
 28341 | Orc:1    | Found a transporter.
 28342 | Orc:1    | Noticed kikerikii's ghost (journeyman HaAK)
 28439 | Orc:1    | Found Vuxzuw's Food Shoppe.
 28509 | Orc:1    | Noticed Gastronok
 28543 | Orc:1    | Killed Gastronok
 28573 | Orc:1    | Found a transporter.
 28792 | Orc:1    | Noticed Fannar
 28808 | Orc:1    | Killed Fannar
 29689 | Orc:2    | Killed Erolcha
 29853 | Orc:2    | Reached XP level 16. HP: 118/118 MP: 21/23
 30381 | Orc:2    | Found a roughly hewn altar of Beogh.
 30516 | Orc:2    | Found Ubbi Uso's Magic Scroll Boutique.
 30528 | Orc:2    | Found Deusk's Distillery.
 30619 | Orc:2    | Found a staircase to the Elven Halls.
 30828 | Orc:2    | Found a roughly hewn altar of Beogh.
 30834 | Orc:2    | Reached skill level 5 in Spellcasting
 31044 | Orc:2    | Reached skill level 14 in Fighting
 31134 | Orc:2    | Found Usutwija's Book Shop.
 31174 | Orc:2    | Found Neasmo's Food Shoppe.
 31437 | Orc:2    | Bought a potion of heal wounds for 80 gold pieces
 31437 | Orc:2    | Bought 2 potions of curing for 96 gold pieces
 31766 | D:15     | Found a glowing golden altar of the Shining One.
 31767 | D:15     | Found a blossoming altar of Fedhas.
 31767 | D:15     | Found an iron altar of Okawaru.
 32058 | D:15     | Paralysed by a great orb of eyes for 6 turns
 32059 | D:15     | Reached skill level 5 in Shields
 32060 | D:15     | Noticed a tengu reaver
 32393 | D:15     | Noticed a sphinx
 32551 | D:15     | Killed a sphinx
 32750 | D:15     | Identified the +5 hand axe of Uniew {vorpal, Str+7}
 32969 | D:15     | Noticed a sphinx
 33271 | D:15     | Noticed a caustic shrike
 33446 | D:15     | Noticed a sphinx
 33468 | D:14     | Killed a sphinx
 33671 | D:14     | Killed a tengu reaver
 33842 | D:15     | Killed a sphinx
 34230 | Orc:2    | Bought a manual of Shields for 1435 gold pieces
 34235 | Orc:2    | Learned a level 4 spell: Petrify
 34294 | Elf:1    | Entered Level 1 of the Elven Halls
 34309 | Elf:1    | Reached XP level 17. HP: 126/126 MP: 4/25
 34652 | D:13     | Killed Rupert
 35042 | Elf:1    | Found Qyj Naf's Weapon Boutique.
 35046 | Elf:1    | Found Leliw's Jewellery Shop.
 35469 | Elf:1    | Found Faeghetu's Weapon Emporium.
 36032 | Elf:1    | Identified Qiuwes's Tome of Attacks
 36477 | Elf:2    | Learned a level 2 spell: Shroud of Golubria
 36653 | Elf:3    | Entered Level 3 of the Elven Halls
 36762 | Elf:3    | Found Ucejemy's Distillery.
 36766 | Elf:3    | Bought a potion of heal wounds for 65 gold pieces
 36766 | Elf:3    | Bought a potion of curing for 39 gold pieces
 37293 | Elf:3    | Found Nuqin's Jewellery Shoppe.
 37464 | Elf:3    | Reached skill level 1 in Translocations
 37495 | Elf:3    | Found Mefennuu's Assorted Antiques.
 37504 | Elf:3    | Bought a potion of curing for 102 gold pieces
 37635 | Elf:3    | Found Qyfy's Jewellery Boutique.
 37706 | Elf:2    | Identified the Papyrus of the Dusty Entourage
 37804 | Elf:2    | Found Coacs's Antique Weapon Shoppe.
 37813 | Elf:2    | Reached skill level 1 in Charms
 37830 | Elf:2    | Reached XP level 18. HP: 133/133 MP: 18/28
 37872 | Elf:2    | Found a runed translucent gate.
 37872 | Elf:2    | Found a runed translucent gate.
 37873 | Elf:2    | Found a runed translucent gate.
 38475 | Orc:1    | Gained mutation: You are weak. (Str -2) [a neqoxec]
 38498 | Orc:1    | Killed kikerikii's ghost
 38499 | Orc:1    | Gained mutation: Your spells are a little easier to cast,
                  | but a little less powerful. [a neqoxec]
 38808 | Lair:4   | Lost mutation: You are weak. (Str -2) [potion of mutation]
 38808 | Lair:4   | Lost mutation: Your spells are a little easier to cast, but
                  | a little less powerful. [potion of mutation]
 38808 | Lair:4   | Gained mutation: You are resistant to hostile enchantments.
                  | (MR+) [potion of mutation]
 38808 | Lair:4   | Gained mutation: Your body sometimes deteriorates upon
                  | taking damage. [potion of mutation]
 38808 | Lair:4   | Gained mutation: You have very sharp teeth. [potion of
                  | mutation]
 38858 | Spider:1 | Entered Level 1 of the Spider Nest
 39056 | Spider:1 | Noticed Frances
 39068 | Spider:1 | Killed Frances
 39380 | Spider:1 | Noticed Louise
 39668 | Spider:1 | Reached skill level 15 in Fighting
 39832 | Spider:1 | Reached skill level 10 in Short Blades
 40669 | Spider:1 | Noticed Kirke
 40689 | Spider:1 | Killed Kirke
 40737 | Spider:1 | Killed Louise
 40815 | Spider:2 | Noticed Arachne
 41772 | Spider:2 | Killed Arachne
 41772 | Spider:2 | Reached skill level 10 in Shields
 41919 | Spider:3 | Noticed Bai Suzhen
 42043 | Spider:3 | Identified the cursed +0 trident of War {pain, rC+ Str+2
                  | Int+3 Dex-5} (You found it on level 3 of the Spider Nest)
 42144 | Spider:3 | Noticed Asterion
 42157 | Spider:3 | Noticed Agnes
 42165 | Spider:4 | Entered Level 4 of the Spider Nest
 42794 | Spider:4 | Identified the +6 dagger "Emem" {flame, Stlth+} (You found
                  | it on level 4 of the Spider Nest)
 43077 | Spider:3 | Noticed Donald
 43584 | Spider:3 | Killed Bai Suzhen
 43584 | Spider:3 | Reached XP level 19. HP: 139/139 MP: 27/30
 43690 | Spider:3 | Killed Donald
 43703 | Spider:3 | Killed Agnes
 43986 | Spider:4 | Reached skill level 10 in Hexes
 46101 | Spider:4 | Got a gossamer rune of Zot
 46433 | Spider:3 | Killed Asterion
 46631 | Shoals:1 | Entered Level 1 of the Shoals
 47323 | Shoals:1 | Found Xooroq's Antique Weapon Boutique.
 47555 | Shoals:1 | You fall into a shaft and drop 1 floor!
 48860 | Shoals:2 | Found Toarysk's Book Shoppe.
 49280 | Shoals:3 | Reached skill level 16 in Fighting
 49317 | Shoals:4 | Entered Level 4 of the Shoals
 49963 | Shoals:4 | Reached XP level 20. HP: 140/147 MP: 23/32
 51010 | Shoals:4 | Got a barnacled rune of Zot
 51216 | Shoals:3 | Noticed Polyphemus
 51235 | Shoals:3 | Noticed Mara
 51241 | Shoals:3 | Killed Mara
 52212 | Shoals:3 | Identified a scroll of acquirement
 52213 | Shoals:3 | Acquired 3170 gold pieces
 52578 | Elf:3    | Bought the ring of Phasing {EV+8} for 2048 gold pieces
 52578 | Elf:3    | Found the ring of Phasing {EV+8}
 52644 | Elf:1    | Bought the ring "Hikuerom" {rPois MP+9 Int+6} for 1683 gold
                  | pieces
 53886 | Shoals:3 | Killed Polyphemus
 54347 | Elf:3    | Bought a potion of might for 52 gold pieces
 54537 | Elf:3    | Reached skill level 15 in Stealth
 54632 | Elf:3    | Identified the +2 scale mail "Ozxerick" {Int+3}
 54719 | Elf:3    | Identified the +6 mace "Rym Waump" {vorpal, +Fly rPois MR+}
 55145 | Elf:3    | Identified the ring of Ybiywkiaxa {rC- rN+ rCorr Dex+4
                  | Slay+3}
 55382 | Elf:3    | Identified the +8 great sword of Wu Jian's Displeasure
                  | {speed, rF+ rC+ Int+4}
 55496 | Elf:3    | Reached XP level 21. HP: 140/154 MP: 34/34
 56094 | Elf:3    | Acquired 910 gold pieces
 56257 | Orc:2    | Learned a level 6 spell: Statue Form
 56602 | Vaults:1 | Entered Level 1 of the Vaults
 56628 | Vaults:1 | Found Xuofuc's Antique Weapon Emporium.
 56782 | Vaults:1 | Found a runed translucent gate.
 56782 | Vaults:1 | Found a runed translucent gate.
 56782 | Vaults:1 | Found an ancient bone altar of Kikubaaqudgha.
 56782 | Vaults:1 | Found a runed translucent gate.
 56782 | Vaults:1 | Noticed an ancient lich
 56782 | Vaults:1 | Noticed an ancient lich
 56783 | Vaults:1 | Noticed Moagi's ghost (adept GnSk)
 58610 | Vaults:2 | Reached skill level 17 in Fighting
 59189 | Vaults:2 | Identified the cursed +1 hand axe "Kaurupt" {vorpal, +Rage
                  | +Inv Int-2} (You found it on level 2 of the Vaults)
 59934 | Vaults:2 | Reached XP level 22. HP: 162/162 MP: 35/35
 60126 | Vaults:2 | Reached skill level 10 in Spellcasting
 60278 | Vaults:2 | Identified the +7 shortbow of the Wizarding Augurer {venom,
                  | MR+}
 61549 | Vaults:3 | Found a staircase to the Crypt.
 61549 | Vaults:3 | Found an ancient bone altar of Kikubaaqudgha.
 61550 | Vaults:3 | Found a basalt altar of Yredelemnul.
 63530 | Vaults:4 | Reached XP level 23. HP: 112/170 MP: 37/37
 64346 | Vaults:5 | Entered Level 5 of the Vaults
 64376 | Vaults:5 | Reached skill level 15 in Shields
 64389 | Vaults:5 | Reached skill level 18 in Fighting
 64700 | Vaults:5 | Noticed a golden dragon
 64700 | Vaults:5 | a sphinx changed into a golden dragon
 64700 | Vaults:5 | a golden dragon changed into an iron dragon
 64709 | Vaults:5 | Noticed a caustic shrike
 64709 | Vaults:5 | a shadow dragon changed into a caustic shrike
 64710 | Vaults:5 | a caustic shrike changed into a shadow dragon
 64714 | Vaults:5 | Noticed a golden dragon
 64714 | Vaults:5 | an iron giant changed into a golden dragon
 64715 | Vaults:5 | a golden dragon changed into a quicksilver dragon
 65068 | Vaults:5 | Found Ugoziklich's Magic Scroll Shop.
 65163 | Vaults:5 | Reached skill level 10 in Transmutations
 65163 | Vaults:5 | Noticed a golden dragon
 65198 | Vaults:5 | Noticed an ancient lich
 65658 | Vaults:5 | Reached XP level 24. HP: 179/179 MP: 38/38
 65727 | Vaults:5 | Noticed an ancient lich
 66394 | Vaults:5 | Killed an ancient lich
 66808 | Vaults:5 | Noticed an ancient lich
 66831 | Vaults:5 | Found Kerotresm's Magic Scroll Boutique.
 67073 | Vaults:5 | Found Cirgh's Food Emporium.
 67120 | Vaults:5 | Found Mogebeat's Magic Scroll Emporium.
 67142 | Vaults:5 | Got a silver rune of Zot
 67181 | Vaults:5 | Found Qesili's Gadget Boutique.
 67257 | Vaults:5 | Found Pupah's Gadget Boutique.
 67378 | Vaults:5 | Killed an ancient lich
 67567 | Vaults:5 | Killed an ancient lich
 67731 | Vaults:5 | Bought a scroll of teleportation for 60 gold pieces
 67731 | Vaults:5 | Bought a scroll of teleportation for 60 gold pieces
 67731 | Vaults:5 | Bought a scroll of fog for 40 gold pieces
 68297 | Crypt:1  | Entered Level 1 of the Crypt
 68314 | Crypt:1  | Learned a level 2 spell: Song of Slaying
 68404 | Crypt:1  | Reached skill level 15 in Hexes
 68813 | Crypt:1  | Paralysed by a Zot trap for 4 turns
 68857 | Crypt:1  | Found the +6 Majin-Bo {vamp, Archmagi MP+6 Int+6}
 69459 | Crypt:2  | Reached skill level 1 in Staves
 69503 | Crypt:2  | Annihilated by an ancient champion

Illustrated notes

Levels and vault maps discovered:
D:1:      psy_arrival_dodecagon, layout_basic
D:2:      layout_loops_ring
D:3:      layout_rooms, nicolae_qazlal_general_emergency
D:4:      corexii_shack_village, layout_cave_pods, kennysheep_ying_yang,
          okawaru_gym_becter, first_ration, gup_sewer_entry_spiral, serial_park,
          serial_park_square3 [serial_park_minivault_5x5_7]
D:5:      layout_basic, nicolae_overflow_crystal_walls,
          grunt_temple_overflow_cloverleaf, minmay_temple_entry_tees,
          chequers_mini_garden, uniq_grinder
D:6:      layout_basic, lemuel_crystal_altar, serial_shops, shop
D:7:      minmay_evil_eye, layout_basic, kennysheep_mini, st_stairs_14,
          grunt_livestock, fedhas_altar_1, uniq_harold
D:8:      layout_gridville, lemuel_crystal_altar
D:9:      layout_long_grid, old_standard_altar, erik_lair_orcish_takeover
D:10:     kennysheep_ambush_hall, layout_basic
D:11:     minmay_s_stair_smasher, layout_basic
D:12:     layout_basic, orc_0_dummy, serial_shops, nicolae_shop_trees,
          uniq_nessos, uniq_azrael
D:13:     layout_loops_ring, david_vaults_3, enter_bailey_2
D:14:     layout_roguey, infiniplex_staircase_star, corner_web_ring
D:15:     hangedman_slaughterboxes
Temple:   compressed_dpeg_triangle_lava_temple
Lair:1:   layout_layer_cave
Lair:2:   layout_cave_pods, uniq_nergalle
Lair:3:   layout_hall_layers, elwin_shoals_entry_rocks
Lair:4:   layout_loops_ring, spider_nest_entry_webs,
          chequers_serial_rivers_room_b
Lair:5:   layout_cave_pods, nicolae_slime_entry_slimehenge, kennysheep_rathole,
          uniq_sonja, uniq_snorg
Lair:6:   hangedman_lair_caniforms_friends, layout_hall_layers,
          portal_ice_cave_entry_pillars_1, grunt_forest_large_clearing_hut,
          lemuel_fruit_fields
Shoals:1: layout_shoals, serial_shops, shop
Shoals:2: layout_shoals, serial_shops, shop
Shoals:3: cheibrodos_shoals_baths, layout_shoals, abandoned_shop, uniq_mara,
          uniq_polyphemus
Shoals:4: shoals_end_hangedman, layout_shoals
Spider:1: layout_chambers, uniq_frances, uniq_kirke, uniq_louise
Spider:2: layout_spider_delve, hangedman_spider_tarantella_strand, uniq_arachne
Spider:3: layout_spider_delve, nicolae_looking_at_the_future, uniq_asterion,
          uniq_bai_suzhen, uniq_agnes, uniq_donald
Spider:4: grunt_spider_rune_parallel
Orc:1:    layout_caves, serial_shops, shop_fountains,
          gammafunk_ghost_stat_death, uniq_gastronok, uniq_fannar
Orc:2:    pubby_orc_utopia, uniq_erolcha
Elf:1:    minmay_elf_arrival_summoners, layout_geoelf_octagon, serial_shops,
          nicolae_shop_behind_doors, minmay_elf_annihilation, sword_in_stone,
          minmay_shoptagon
Elf:2:    layout_geoelf_grid, serial_shops, shop
Elf:3:    grunt_elf_hall_branching, layout_loops_cross, serial_shops,
          shop_fountains, shop, nicolae_shop_trees, shop,
          hangedman_elf_represent
Vaults:1: gammafunk_vaults_ghost_crypt, ontoclasm_vaults_chip, v_alt_pattern_5,
          vaults_room_hangedman_quadrants, layout_vaults_omnigrid, serial_shops,
          nicolae_shop_waterfront
Vaults:2: hangedman_vaults_hard_town_square, v_misc_18,
          nicolae_vaults_little_squares_4, grunt_vaults_diagonal,
          nicolae_vaults_rhombus_6, vaults_room_door_ring,
          layout_vaults_chaotic_city
Vaults:3: v_rooms_5, ontoclasm_vaults_twist, v_misc_12, v_misc_9,
          minmay_crypt_entry_necro_gods, hangedman_vaults_slither,
          nicolae_vaults_three_branches, nicolae_vaults_stairing_the_circle,
          nicolae_vaults_holding_cells, ontoclasm_vaults_fault,
          nicolae_vaults_little_squares_1, grunt_vaults_hallway_short,
          nicolae_vaults_angled_halls, layout_vaults_omnibox
Vaults:4: ontoclasm_vaults_ligature, nicolae_vaults_big_ls,
          vaults_room_glass_cross, ontoclasm_vaults_spin,
          ontoclasm_vaults_ring_square, nicolae_vaults_circle_grid_a,
          vaults_room_corners, vaults_standard_mumra_enter_the_diamond,
          vaults_room_door_hall, nicolae_vaults_specimen_jars, v_misc_14,
          layout_vaults_maze_snakey
Vaults:5
Crypt:1:  minmay_guarded_unrand_majin_bo, layout_misc_corridors
Crypt:2:  ragdoll_tomb_raider, layout_regular_city,
          nicolae_crypt_little_mausoleum

Skill      XL: |  1  2  3  4  5  6  7  8  9 10 11 12 13 14 15 16 17 18 19 20 21 22 23 24 |
---------------+-------------------------------------------------------------------------+-----
Dodging        | 2 3 4 6 7 8 9 10 11 12 13 14 | 14.8
Fighting       | 3 4 6 7 8 9 10 12 13 14 15 16 17 18 | 18.8
Short Blades   | 3 5 6 7 8 9 10 11 12 13 | 13.6
Slings         | 2 3 4 6 8 9 10 11 12 | 12.2
Throwing       | 3 4 5 6 7 8 |  8.3
Hexes          | 2 4 5 6 7 8 9 10 11 12 13 14 15 | 15.1
Stealth        | 6 9 10 11 12 13 14 15 16 | 16.6
Evocations     | 2 4 5 6 7 8 |  8.8
Earth Magic    | 2 4 6 7 8 9 |  9.3
Transmutations | 2 5 6 7 8 9 10 | 10.4
Spellcasting   | 1 2 4 5 6 7 8 9 10 11 | 11.5
Shields        | 1 3 5 8 10 12 13 14 15 16 | 16.3
Translocations | 1 2 3 4 |  4.8
Charms         | 1 2 3 4 |  4.4
Staves         | 1 |  1.1
Summonings     | |  0.3

Action                   |  1- 3 |  4- 6 |  7- 9 | 10-12 | 13-15 | 16-18 | 19-21 | 22-24 || total
-------------------------+-------+-------+-------+-------+-------+-------+-------+-------++-------
Melee: Dagger            |    66 |    34 |    46 |   416 |   953 |   846 |  1056 |   272 ||  3689
       Constrict         |    13 |     9 |    16 |    39 |   131 |   192 |   209 |   193 ||   802
       Tentacles         |     8 |    12 |    10 |    96 |   280 |   365 |   472 |   556 ||  1799
       Short sword       |       |    20 |    41 |       |       |       |       |       ||    61
       War axe           |       |       |       |       |     4 |       |       |       ||     4
       Hunting sling     |       |       |       |       |     3 |     1 |       |       ||     4
       Kick              |       |       |       |       |    14 |   127 |   372 |   154 ||   667
       Cutlass           |       |       |       |       |       |   414 |   404 |  1318 ||  2136
       Bite              |       |       |       |       |       |    90 |   284 |   357 ||   731
       Quarterstaff      |       |       |       |       |       |       |       |    57 ||    57
       Staff             |       |       |       |       |       |       |       |     2 ||     2
       Fustibalus        |       |       |       |       |       |       |       |     1 ||     1
 Fire: Hunting sling     |       |    68 |   197 |   422 |   931 |   245 |   432 |       ||  2295
       Fustibalus        |       |       |       |       |       |       |   164 |   172 ||   336
Throw: Dart              |    16 |     9 |     9 |    49 |    99 |    92 |   110 |    24 ||   408
       Throwing net      |       |       |       |     7 |     5 |     2 |    42 |       ||    56
 Cast: Summon Butterflie |       |       |       |     1 |     2 |       |     2 |     2 ||     7
       Tukima's Dance    |       |       |       |       |    43 |    71 |   118 |    59 ||   291
       Slow              |       |       |       |       |     1 |     1 |       |       ||     2
       Apportation       |       |       |       |       |    21 |    21 |    29 |     3 ||    74
       Dazzling Flash    |       |       |       |       |     1 |     2 |       |       ||     3
       Sticks to Snakes  |       |       |       |       |     6 |    20 |    17 |    11 ||    54
       Corona            |       |       |       |       |     6 |     1 |     4 |       ||    11
       Beastly Appendage |       |       |       |       |     2 |    38 |    83 |    16 ||   139
       Shroud of Golubri |       |       |       |       |       |    42 |    92 |    25 ||   159
       Passwall          |       |       |       |       |       |    14 |     9 |       ||    23
       Statue Form       |       |       |       |       |       |       |     3 |    55 ||    58
       Song of Slaying   |       |       |       |       |       |       |       |     4 ||     4
Invok: Lunge             |       |       |     6 |    40 |    62 |    88 |    91 |    77 ||   364
       Whirlwind         |       |       |       |    45 |   110 |    51 |   121 |   188 ||   515
       Heavenly Storm    |       |       |       |       |     1 |       |       |     3 ||     4
       Serpent's Lash    |       |       |       |       |     1 |     2 |     2 |     2 ||     7
 Abil: Wall Jump         |       |       |       |    19 |    63 |    68 |    52 |    90 ||   292
Evoke: Wand              |       |       |     4 |    13 |    28 |    28 |    84 |    25 ||   182
       Lightning rod     |       |       |       |       |     4 |    12 |     5 |    15 ||    36
       Phantom mirror    |       |       |       |       |     1 |       |       |       ||     1
       Phial of floods   |       |       |       |       |       |       |       |     2 ||     2
  Use: Scroll            |       |     9 |     9 |    11 |    22 |    10 |     7 |    15 ||    83
       Potion            |       |       |       |     4 |     6 |    15 |     4 |     9 ||    38
 Stab: Sleeping          |    11 |    10 |    10 |    31 |    49 |   102 |    46 |    41 ||   300
       Held in net/web   |       |       |       |     2 |     6 |     3 |    21 |       ||    32
       Distracted        |       |       |       |     2 |     4 |     4 |     7 |    13 ||    30
       Invisible         |       |       |       |     3 |     6 |    13 |     2 |     2 ||    26
       Paralysed         |       |       |       |       |       |       |     8 |       ||     8
  Eat: Chunk             |     2 |     6 |    12 |    19 |    48 |    39 |    45 |    32 ||   203
       Ration            |       |       |       |       |     2 |     3 |     2 |     2 ||     9
Armor: Skin              |     1 |     2 |     2 |     9 |    11 |    23 |    16 |   137 ||   201
Dodge: Dodged            |    28 |    19 |    46 |   235 |   610 |   660 |   815 |  1049 ||  3462
Block: Buckler           |       |       |       |       |   105 |   326 |   462 |   457 ||  1350
       Reflection        |       |       |       |       |       |     4 |    52 |    31 ||    87
